 Dungeon Crawl Stone Soup version 0.28-a0-726-g4a9143789a (webtiles) character file.

Game seed: 5285652361951010767

180 pokeman the Magician (level 5, -2/29 HPs)
             Began as a Deep Elf Hedge Wizard on Oct 27, 2021.
             Was an Initiate of Vehumet.
             Slain by a centaur (6 damage)
             ... on level 5 of the Dungeon.
             The game lasted 00:07:13 (4638 turns).

pokeman the Magician (Deep Elf Hedge Wizard)        Turns: 4638, Time: 00:07:15

Health: -2/29      AC:  4    Str:  7    XL:     5   Next: 33%
Magic:  20/24      EV: 12    Int: 20    God:    Vehumet [......]
Gold:   176        SH:  0    Dex: 14    Spells: 5/16 levels left

rFire   . . .      SeeInvis .   x - +2 flail (venom)
rCold   . . .      Faith    .   (no shield)
rNeg    . . .      Spirit   .   s - +0 leather armour
rPois   .          Reflect  .   c - +0 hat
rElec   .          Harm     .   u - +0 cloak
rCorr   .          Rampage  .   (no gloves)
Will    .....                   (no boots)
Stlth   ++........              (no amulet)
HPRegen 0.09/turn               e - ring of magical power
MPRegen 0.19/turn               (no ring)

@: no status effects
A: no striking features
a: Renounce Religion


You were on level 5 of the Dungeon.
You worshipped Vehumet.
Vehumet was noncommittal.
You visited 2 branches of the dungeon, and saw 6 of its levels.

You collected 176 gold pieces.

Inventory:

Hand Weapons
 x - a +2 flail of venom (weapon)
Missiles
 d - 142 arrows
 n - 32 bolts
 o - 6 curare-tipped darts
Armour
 c - a +0 hat (worn)
 k - a +2 buckler
 s - a +0 leather armour (worn)
 u - a +0 cloak (worn)
Jewellery
 e - a ring of magical power (left hand)
Wands
 w - a wand of acid (10)
Scrolls
 g - 4 scrolls of teleportation {unknown}
 i - a scroll of acquirement {unknown}
 l - 3 scrolls of identify {unknown}
 q - a scroll of enchant weapon {unknown}
 t - a scroll of blinking {unknown}
 y - a scroll of fear {unknown}
Potions
 a - a potion of resistance {unknown}
 b - a potion of heal wounds {unknown}
 f - 3 potions of curing {unknown}
 h - 2 potions of might {unknown}
 j - a potion of magic {unknown}
 m - a potion of degeneration {unknown}
 p - a potion of haste {unknown}
 r - a potion of invisibility {unknown}
 v - 2 potions of brilliance {unknown}


   Skills:
 - Level 1.0 Fighting
 - Level 1.0 Armour
 - Level 3.1 Dodging
 - Level 2.4 Stealth
 + Level 0.0 Shields
 * Level 6.3 Spellcasting
 + Level 2.6 Conjurations
 - Level 1.1 Summonings
 - Level 1.1 Translocations
 - Level 1.4 Fire Magic
 + Level 0.0 Air Magic


You had 5 spell levels left.
You knew the following spells:

 Your Spells              Type           Power      Damage    Failure   Level
a - Magic Dart            Conj           64%        1d6       4%          1
b - Mephitic Cloud        Conj/Pois/Air  9%         N/A       30%         3
c - Call Imp              Summ           10%        N/A       14%         2
d - Blink                 Tloc           20%        N/A       14%         2
e - Conjure Flame         Conj/Fire      14%        6-21      19%         3

Your spell library contained the following spells:

 Spells                   Type           Power      Damage    Failure   Level
 Static Discharge         Conj/Air       11%        N/A       13%         2
 Slow                     Hex            6%         N/A       22%         2
 Lightning Bolt           Conj/Air       5%         1d17      94%         5
 Maxwell's Capacitive Co  Air            3%         ∞         100%        8


Dungeon Overview and Level Annotations

Branches:
Dungeon (5/15)             Temple (1/1) D:4

Altars:
Dithmenos
Elyvilon
Fedhas
Hepliaklqana
Kikubaaqudgha
Makhleb
Qazlal
Ru
Sif Muna
Trog
Uskayaw
Vehumet
Wu Jian
Xom
Yredelemnul
The Shining One

Shops:
D:2 *   D:3 (


Message History

The arrow freezes you.
* * * LOW HITPOINT WARNING * * *
Casting: Magic Dart (safe; 4% risk of failure)
Confirm with . or Enter, or press ? or * to list all spells.
The spell is extremely dangerous to cast (30% risk of failure)!
Continue anyway?
Aiming: Mephitic Cloud (extremely dangerous; 30% risk of failure)
Press: ? - help, Shift-Dir - straight line, f - centaur
Aim: a centaur, wielding a +2 shortbow of freezing and quivering arrows (chance to affect: 81%)
The ball explodes into a vile cloud!
The stinking cloud engulfs the centaur but does no damage.
The centaur is engulfed in noxious fumes.
The centaur appears confused.
Unknown command.
There is a stone staircase leading up here.
Casting: Mephitic Cloud (extremely dangerous; 30% risk of failure)
Confirm with . or Enter, or press ? or * to list all spells.
Aiming: Magic Dart (safe; 4% risk of failure)
Press: ? - help, Shift-Dir - straight line, f/p - centaur
Aim: a centaur, wielding a +2 shortbow of freezing and quivering arrows (lightly wounded, confused, 100% to hit)
The magic dart hits the centaur.
The centaur is moderately wounded.
Casting: Magic Dart (safe; 4% risk of failure)
Confirm with . or Enter, or press ? or * to list all spells.
Aiming: Magic Dart (safe; 4% risk of failure)
Press: ? - help, Shift-Dir - straight line, f/p - centaur
Aim: a centaur, wielding a +2 shortbow of freezing and quivering arrows (moderately wounded, confused, 100% to hit)
The magic dart hits the centaur but does no damage.
The centaur is moderately wounded.
The centaur unwields a +2 shortbow of freezing.
The centaur closely misses you. The centaur barely misses you.
You sock the centaur!
The centaur is poisoned.
The centaur is severely wounded.
Unknown command.
You catch the helpless centaur completely off-guard!
You hit the centaur.
The centaur looks as sick as possible!
The centaur is severely wounded.
The centaur seems less confused.
The centaur hits you.
* * * LOW HITPOINT WARNING * * *
The centaur closely misses you. The centaur hits you.
You die...

.# ####
####.##.
##...##......
##..........##
#............#
#............#
#......$.....#
#..........#
##...##.c@##
### #####


You could see a centaur (extremely poisoned).

Vanquished Creatures
  An ogre (D:4)
  An orc wizard (D:4)
  2 adders
  A white imp (D:4)
  A worm (D:2)
  7 orcs (D:4)
  4 endoplasms
  2 giant cockroaches
  5 goblins
  5 hobgoblins
  2 jackals (D:3)
  2 quokkas
  2 ball pythons
  3 bats
  2 frilled lizards (D:3)
  6 kobolds
  2 rats (D:2)
48 creatures vanquished.

Notes
Turn   | Place    | Note
-------+----------+-------------------------------------------
     0 | D:1      | pokeman the Deep Elf Hedge Wizard began the quest for the
                  | Orb.
     0 | D:1      | Reached XP level 1. HP: 10/10 MP: 7/7
   843 | D:1      | Found a faded altar of an unknown god.
   924 | D:2      | Reached XP level 2. HP: 15/15 MP: 9/9
  1263 | D:2      | Reached skill level 5 in Spellcasting
  1380 | D:2      | Found Yxeamyse's General Store.
  1814 | D:2      | Reached XP level 3. HP: 13/20 MP: 5/11
  1818 | D:2      | Learned a level 3 spell: Mephitic Cloud
  1821 | D:2      | Learned a level 2 spell: Call Imp
  1824 | D:2      | Learned a level 2 spell: Blink
  1828 | D:2      | Learned a level 3 spell: Conjure Flame
  2377 | D:3      | Found an ancient bone altar of Kikubaaqudgha.
  2403 | D:3      | Reached skill level 1 in Fighting
  2403 | D:3      | Reached skill level 1 in Armour
  2519 | D:3      | Found Zyot's Weapon Boutique.
  3589 | D:4      | Reached XP level 4. HP: 25/25 MP: 13/13
  3749 | D:4      | Found a staircase to the Ecumenical Temple.
  3754 | Temple   | Entered the Ecumenical Temple
  3979 | Temple   | Became a worshipper of Vehumet
  4149 | D:4      | Noticed an ogre
  4176 | D:4      | Killed an ogre
  4177 | D:4      | Reached skill level 6 in Spellcasting
  4177 | D:4      | Reached skill level 1 in Fire Magic
  4177 | D:4      | Reached XP level 5. HP: 13/29 MP: 7/15
  4627 | D:5      | Entered Level 5 of the Dungeon
  4627 | D:5      | Noticed a centaur
  4638 | D:5      | Slain by a centaur

Illustrated notes

Levels and vault maps discovered:
D:1:      elethiomel_arrival_maze, layout_loops_ring,
          shapermc_ecumenical_altar_petra, hangedman_decor_growths
D:2:      layout_basic, serial_shops, nicolae_shop_waterfront, moated_statue,
          minmay_misc_feat_enclosed
D:3:      minmay_inner_zag, layout_loops_corners, mainiacjoe_overflow_catwalk,
          serial_shops, nicolae_shop_stone
D:4:      layout_gridville, temple_doors_e
D:5:      layout_rooms, kennysheep_little_box, serial_curves, eino_curves_03,
          eino_curves_01, eino_curves_04, st_stairs_8
Temple:   regret_index_temple_generic_petals

Skill      XL: |  1  2  3  4 |
---------------+-------------+-----
Spellcasting   | 5 6 |  6.3
Fighting       | 1 |  1.0
Armour         | 1 |  1.0
Conjurations   | 2 |  2.6
Dodging        | 3 |  3.1
Fire Magic     | 1 |  1.4
Stealth        | |  2.4
Summonings     | |  1.1
Translocations | |  1.1

Action                   |  1- 3 |  4- 6 || total
-------------------------+-------+-------++-------
Melee: Long sword        |     5 |       ||     5
       Flail             |       |     8 ||     8
 Cast: Magic Dart        |   102 |    16 ||   118
       Mephitic Cloud    |     1 |     3 ||     4
       Blink             |       |     1 ||     1
       Call Imp          |       |     1 ||     1
 Stab: Sleeping          |     1 |       ||     1
       Confused          |       |     3 ||     3
Armor: Robe              |     3 |       ||     3
Dodge: Dodged            |    14 |     7 ||    21

Table legend: (Time is in decaauts)
 A = Elapsed time spent in this place.
 B = Non-inter-level travel time spent in this place.
 C = Inter-level travel time spent in this place.
 D = Time resting spent in this place.
 E = Time spent auto-exploring this place.
 F = Levels seen in this place.
 G = Mean time per level.
                   A        B        C        D        E       F      G
               +--------+--------+--------+--------+--------+-----+--------+
         Total |   4640 |   4422 |    218 |    190 |   3798 |   6 |  773.3 |
       Dungeon |   4397 |   4226 |    171 |    190 |   3610 |   5 |  879.4 |
        Temple |    242 |    195 |     47 |      0 |    188 |   1 |  242.0 |
               +--------+--------+--------+--------+--------+-----+--------+

Top non-repeatable levels by time:
     D:4: 1241 daAuts
     D:3: 1169 daAuts
     D:2: 1087 daAuts
     D:1: 888 daAuts
  Temple: 242 daAuts
     D:5: 11 daAuts
